 Dungeon Crawl Stone Soup version 0.29-a0-297-g7659ce593d (webtiles) character file.

Game seed: 2228223440869017858

989 kae the Firebug (level 8, 0/48 HPs)
             Began as a Tengu Fire Elementalist on Mar 21, 2022.
             Was an Initiate of Vehumet.
             Slain by an iguana (9 damage)
             ... on level 5 of the Dungeon.
             The game lasted 00:03:27 (7859 turns).

kae the Firebug (Tengu Fire Elementalist)           Turns: 7859, Time: 00:03:27

Health: 0/48       AC:  3    Str:  9    XL:     8   Next: 18%
Magic:  0/15       EV: 14    Int: 18    God:    Vehumet [......]
Gold:   270        SH:  0    Dex: 14    Spells: 9/15 levels left

rFire   . . .      SeeInvis .   m - +1 trident (protect)
rCold   . . .      Faith    .   (no shield)
rNeg    . . .      Spirit   +   a - +1 robe
rPois   .          Reflect  .   (helmet restricted)
rElec   .          Harm     .   (no cloak)
rCorr   .          Rampage  .   (no gloves)
Will    .....                   (boots unavailable)
Stlth   ++........              l - amulet of guardian spirit
HPRegen 0.16/turn               (no ring)
MPRegen 0.14/turn               (no ring)

@: flying quickly and evasively, quick
A: beak, talons 3, nimble flight
a: Renounce Religion


You were on level 5 of the Dungeon.
You worshipped Vehumet.
Vehumet was noncommittal.
You visited 2 branches of the dungeon, and saw 7 of its levels.

You collected 270 gold pieces.

Inventory:

Hand Weapons
 d - a +1 trident
 m - a +1 trident of protection (weapon)
Armour
 a - a +1 robe (worn)
Jewellery
 l - an amulet of guardian spirit (around neck)
Wands
 p - a wand of iceblast (3)
 s - a wand of acid (10)
Scrolls
 e - a scroll of identify
 j - 2 scrolls of teleportation
 n - a scroll of blinking
 q - a scroll of fear
 r - 2 scrolls of amnesia
Potions
 b - a potion of magic
 c - 3 potions of mutation
 f - 2 potions of degeneration
 g - 2 potions of invisibility
 h - 2 potions of attraction
 i - 2 potions of berserk rage
 k - a potion of heal wounds


   Skills:
 + Level 3.8 Fighting
 - Level 2.1 Dodging
 - Level 2.0 Stealth
 + Level 4.1 Spellcasting
 + Level 5.4 Conjurations
 * Level 7.2 Fire Magic


You had 9 spell levels left.
You knew the following spells:

 Your Spells              Type           Power      Damage    Failure   Level
a - Foxfire               Conj/Fire      100%       2x1d9     1%          1
b - Scorch                Fire           58%        2d8       1%          2
c - Conjure Flame         Conj/Fire      26%        6-21      3%          3

Your spell library contained the following spells:

 Spells                   Type           Power      Damage    Failure   Level
 Inner Flame              Hex/Fire       16%        N/A       10%         3
 Flame Wave               Conj/Fire      26%        2d7       11%         4
 Summon Lightning Spire   Summ/Air       3%         N/A       82%         4
 Storm Form               Tmut/Air       1%         N/A       100%        7
 Maxwell's Capacitive Co  Air            1%         ∞         100%        8


Dungeon Overview and Level Annotations

Branches:
Dungeon (6/15)             Temple (1/1) D:4

Altars:
Ashenzari
Cheibriados
Dithmenos
Elyvilon
Fedhas
Gozag
Hepliaklqana
Kikubaaqudgha
Makhleb
Nemelex Xobeh
Okawaru
Qazlal
Ru
Sif Muna
Trog
Uskayaw
Vehumet
Wu Jian
Xom
Yredelemnul
Zin

Annotations:
D:3 Grinder, Ijyb


Innate Abilities, Weirdness & Mutations

You have a beak for a mouth.
You have claws for feet.
Your magical nature lets you fly swiftly and evasively.


Message History

The scorpion stings you. The iguana closely misses you.
Casting: Scorch (safe; 1% risk of failure)
Confirm with . or Enter, or press ? or * to list all spells.
Flames lash the scorpion.
The scorpion is burned terribly!
The scorpion is severely wounded.
The scorpion closely misses you. The iguana misses you.
The scorpion misses you.
The iguana bites you but does no damage.
The scorpion stings you but does no damage.
Casting: Scorch (safe; 1% risk of failure)
Confirm with . or Enter, or press ? or * to list all spells.
Flames lash the iguana.
The iguana is heavily wounded.
The iguana's fire resistance burns away.
The iguana misses you. The scorpion closely misses you.
The iguana barely misses you. The scorpion stings you.
Casting: Scorch (safe; 1% risk of failure)
Confirm with . or Enter, or press ? or * to list all spells.
Flames lash the scorpion.
The scorpion is burned terribly!
You kill the scorpion!
Vehumet accepts your kill. The iguana closely misses you.
The iguana closely misses you.
The iguana bites you but does no damage.
Casting: Scorch (safe; 1% risk of failure)
Confirm with . or Enter, or press ? or * to list all spells.
Flames lash the iguana.
The iguana is moderately wounded.
The iguana's fire resistance burns away.
The iguana closely misses you. x2
The iguana is no longer more vulnerable to fire.
The iguana bites you. The iguana bites you!
Casting: Scorch (safe; 1% risk of failure)
Confirm with . or Enter, or press ? or * to list all spells.
Flames lash the iguana.
The iguana is burned terribly!
The iguana is heavily wounded.
The iguana bites you. The iguana bites you!
* * * LOW HITPOINT WARNING * * *
The iguana bites you!
You die...

#..........#
#.............
########+#.#
#...........##
#.#.#
#...........#
#...#
#...........#
##..#
#############
#..# #..# #ll#
##@# ###


You could see 2 iguanas.

Vanquished Creatures
  Edmund (D:5)
  2 ice beasts (D:5)
  An ogre (D:4)
  A centaur (D:5)
  4 scorpions
  2 hounds (D:5)
  An orc priest (D:5)
  An orc wizard (D:5)
  2 iguanas (D:5)
  Robin (D:3)
  3 adders
  A shadow imp (D:5)
  4 dart slugs
  8 orcs
  5 ball pythons
  6 endoplasms
  2 giant cockroaches
  13 goblins
  10 hobgoblins
  A kobold (D:1)
  5 quokkas
  6 bats
  6 frilled lizards
  2 rats
88 creatures vanquished.

Vanquished Creatures (others)
  347 foxfires
347 creatures vanquished.

Grand Total: 435 creatures vanquished

Notes
Turn   | Place    | Note
-------+----------+-------------------------------------------
     0 | D:1      | kae the Tengu Fire Elementalist began the quest for the
                  | Orb.
     0 | D:1      | Reached XP level 1. HP: 10/10 MP: 4/4
   198 | D:1      | Found a faded altar of an unknown god.
   248 | D:1      | Reached XP level 2. HP: 13/16 MP: 3/6
  1325 | D:1      | Reached XP level 3. HP: 20/20 MP: 3/7
  1328 | D:1      | Learned a level 2 spell: Scorch
  1332 | D:1      | Learned a level 3 spell: Conjure Flame
  1542 | D:2      | You fall into a shaft and drop 1 floor!
  1542 | D:3      | Noticed Robin
  1560 | D:2      | Reached skill level 1 in Fighting
  1676 | D:2      | Reached skill level 4 in Fire Magic
  2739 | D:3      | Reached XP level 4. HP: 25/25 MP: 3/8
  3584 | D:3      | Killed Robin
  3820 | D:3      | Noticed Ijyb
  4051 | D:3      | Noticed Grinder
  4284 | D:4      | Noticed a scorpion
  4531 | D:4      | Noticed an ogre
  4542 | D:4      | Found a staircase to the Ecumenical Temple.
  4603 | Temple   | Entered the Ecumenical Temple
  5069 | Temple   | Became a worshipper of Vehumet
  5125 | D:4      | Killed an ogre
  5126 | D:4      | Reached skill level 5 in Fire Magic
  5126 | D:4      | Gained mutation: Your magical nature lets you fly swiftly
                  | and evasively. [Tengu growth]
  5126 | D:4      | Reached XP level 5. HP: 30/30 MP: 0/10
  5799 | D:4      | Reached XP level 6. HP: 17/36 MP: 4/11
  6042 | D:5      | Entered Level 5 of the Dungeon
  6764 | D:5      | Reached XP level 7. HP: 40/40 MP: 5/13
  6890 | D:5      | Noticed Edmund
  6916 | D:5      | Reached skill level 6 in Fire Magic
  6923 | D:5      | Killed Edmund
  7627 | D:5      | Reached skill level 5 in Conjurations
  7732 | D:5      | Reached XP level 8. HP: 31/47 MP: 8/15
  7737 | D:5      | Reached skill level 7 in Fire Magic
  7859 | D:5      | Slain by an iguana

Illustrated notes

Levels and vault maps discovered:
D:1:      lightli_arrival_maybe_door_vault, layout_basic,
          ebering_ecumenical_altar_rust
D:2:      layout_basic, minmay_liquid_box
D:3:      minmay_angry_zag, layout_rooms, uniq_ijyb, uniq_robin, uniq_grinder
D:4:      layout_basic, minmay_temple_entry_large_hall, saegor_snake_ambush
D:5:      layout_basic, uniq_edmund
D:6:      kennysheep_housing_project, layout_cave_pools, uniq_pikel
Temple:   mainiacjoe_temple_hex_bubbles

Skill      XL: |  1  2  3  4  5  6  7  8 |
---------------+-------------------------+-----
Conjurations   | 2 3 4 5 |  5.4
Fighting       | 1 2 3 |  3.8
Fire Magic     | 4 5 6 7 |  7.2
Spellcasting   | 3 4 |  4.1
Dodging        | |  2.1
Stealth        | |  2.0

Action                   |  1- 3 |  4- 6 |  7- 9 || total
-------------------------+-------+-------+-------++-------
Melee: Trident           |     8 |     8 |     4 ||    20
       Peck              |     2 |       |     1 ||     3
       Kick              |     1 |     2 |     2 ||     5
 Cast: Foxfire           |    99 |    79 |    28 ||   206
       Scorch            |       |    16 |    19 ||    35
       Conjure Flame     |       |     1 |     2 ||     3
  Use: Scroll            |     1 |    12 |     2 ||    15
 Stab: Sleeping          |       |     1 |       ||     1
Armor: Robe              |     5 |     9 |    14 ||    28
Dodge: Dodged            |    14 |    43 |    58 ||   115

Table legend: (Time is in decaauts)
 A = Elapsed time spent in this place.
 B = Non-inter-level travel time spent in this place.
 C = Inter-level travel time spent in this place.
 D = Time resting spent in this place.
 E = Time spent auto-exploring this place.
 F = Levels seen in this place.
 G = Mean time per level.
                   A        B        C        D        E       F      G
               +--------+--------+--------+--------+--------+-----+--------+
         Total |   7762 |   7542 |    220 |   1560 |   5130 |   7 | 1108.9 |
       Dungeon |   7262 |   7102 |    160 |   1350 |   4910 |   6 | 1210.3 |
        Temple |    499 |    439 |     60 |    210 |    220 |   1 |  499.0 |
               +--------+--------+--------+--------+--------+-----+--------+

Top non-repeatable levels by time:
     D:2: 2027 daAuts
     D:4: 1621 daAuts
     D:1: 1449 daAuts
     D:5: 1399 daAuts
     D:3: 745 daAuts
  Temple: 499 daAuts
     D:6: 19 daAuts
